 Dungeon Crawl Stone Soup version 0.31.0-4-g52a2dc7128 (webtiles) character file.

Game seed: 13663823861020761864

8470 BeingJoeMalik the Carver (level 11, -7/104 HPs)
             Began as a Naga Fighter on Jan 21, 2024.
             Was a Believer of Dithmenos.
             Mangled by Snorg (13 damage)
             ... on level 10 of the Dungeon.
             The game lasted 00:40:01 (10736 turns).

BeingJoeMalik the Carver (Naga Fighter)            Turns: 10736, Time: 00:40:02

Health: -7/104     AC: 15    Str: 19    XL:     11   Next: 31%
Magic:  0/20       EV:  7    Int:  9    God:    Dithmenos [**....]
Gold:   219        SH:  5    Dex: 14    Spells: 10/10 levels left

rFire   . . .        j - +1 long sword (freeze)
rCold   . . .        c - +0 buckler
rNeg    . . .        b - +0 scale mail
rPois   +            (no helmet)
rElec   .            z - +1 cloak
rCorr   .            g - +1 pair of gloves
SInv    +            (no barding)
Will    +....        f - amulet of guardian spirit
Stlth   +            h - +4 ring of protection
HPRegen 0.37/turn    n - ring of magical power
MPRegen 0.17/turn

%: guardian spirit
@: about to teleport, wreathed by umbra, very slow
A: AC +3, large, see invisible, deformed body, poison resistance, slowness 2,
spit poison 1, naga tail 1
a: Spit Poison, Renounce Religion, Shadow Step


You were on level 10 of the Dungeon.
You worshipped Dithmenos.
Dithmenos was pleased with you.
You visited 3 branches of the dungeon, and saw 12 of its levels.

You collected 613 gold pieces.
You spent 394 gold pieces at shops.

Inventory:

Hand Weapons
 a - a +0 long sword of draining
 j - a +1 long sword of freezing (weapon)
Missiles
 q - 15 poisoned darts
Armour
 b - a +0 scale mail (worn)
 c - a +0 buckler (worn)
 g - a +1 pair of gloves (worn)
 z - a +1 cloak (worn)
Jewellery
 f - an amulet of guardian spirit (around neck)
 h - a +4 ring of protection (left hand)
 m - a ring of protection from fire
 n - a ring of magical power (right hand)
 v - a ring of willpower
Talismans
 t - a serpent talisman
Wands
 x - a wand of roots (4)
 y - a wand of quicksilver (16)
Scrolls
 i - 2 scrolls of poison
 k - 3 scrolls of amnesia
 o - 2 scrolls of revelation
 p - 2 scrolls of fog
 u - 4 scrolls of identify
 w - a scroll of teleportation
Potions
 d - 2 potions of heal wounds
 e - 2 potions of attraction
 l - a potion of enlightenment
 r - a potion of brilliance
 s - 5 potions of curing
 A - a potion of mutation


   Skills:
 + Level 8.5 Fighting
 * Level 14.3 Long Blades
 + Level 2.4 Armour
 - Level 3.2 Stealth
 * Level 5.2 Shields


You had 10 spell levels left.
You didn't know any spells.
Your spell library contained the following spells:

 Spells                   Type           Power      Damage    Failure   Level
 Apportation              Tloc           0%         N/A       83%         1
 Freeze                   Ice            0%         1d3       83%         1
 Shock                    Conj/Air       0%         1d3       83%         1
 Slow                     Hex            0%         N/A       83%         1
 Momentum Strike          Conj/Tloc      0%         3d8       92%         2
 Confusing Touch          Hex            0%         N/A       99%         3
 Frozen Ramparts          Ice            0%         1d1       99%         3
 Gell's Gravitas          Tloc           0%         N/A       99%         3
 Hailstorm                Conj/Ice       0%         3d5       99%         3
 Inner Flame              Hex/Fire       0%         N/A       99%         3
 Sigil of Binding         Hex            0%         N/A       99%         3
 Swiftness                Air            0%         N/A       99%         3
 Teleport Other           Tloc           0%         N/A       99%         3
 Vampiric Draining        Necr           0%         2d6       99%         3
 Airstrike                Air            0%         2d(0-16)  100%        4
 Summon Blazeheart Golem  Fire/Summ      0%         N/A       100%        4
 Irradiate                Conj/Alch      0%         3d11      100%        5
 Dispersal                Tloc           0%         N/A       100%        6
 Ignition                 Fire           0%         3d3       100%        8


Dungeon Overview and Level Annotations

Branches:
Dungeon (10/15)            Temple (1/1) D:5            Lair (0/5) D:10
    Orc (1/2) D:9

Altars:
Ashenzari
Cheibriados
Dithmenos
Elyvilon
Fedhas
Gozag
Hepliaklqana
Kikubaaqudgha
Makhleb
Nemelex Xobeh
Okawaru
Qazlal
Ru
Sif Muna
Trog
Uskayaw
Vehumet
Wu Jian
Xom
Yredelemnul
Zin
The Shining One

Shops:
D:5 (**?=   D:10 *

Annotations:
D:7 3 runed translucent doors, DracoOmega's ghost, novice AtHs; nocore's ghost, novice TeFE
D:10 2 transporters, Marethyu's ghost, journeyman MfSh; Snorg


Innate Abilities, Weirdness & Mutations

Your serpentine skin is tough. (AC +3)
You have supernaturally acute eyesight. (SInv)
Armour fits poorly on your strangely shaped body.
Your system is resistant to poisons. (rPois)
You cover ground very slowly.
You can spit poison.
You have a snake-like lower body.


Message History

Snorg bites you. Snorg claws you but does no damage. Snorg claws you.
You barely miss Snorg.
Snorg is moderately wounded.
You have got your breath back.
Snorg bites you! Snorg claws you but does no damage. You block Snorg's attack.
A gnoll comes into view. It is wielding a +0 spear.
You slash Snorg! You freeze Snorg.
Snorg is heavily wounded.
Snorg bites you but does no damage. Snorg claws you but does no damage.
Snorg claws you. Snorg bites you!! Snorg claws you but does no damage.
Snorg closely misses you.
Aiming: Quicksilver Bolt
Press: ? - help, Shift-Dir - straight line, f/p - Snorg
Aim: Snorg (moderately wounded, berserk, umbra, 71% to hit)
Okay, then.
Unknown command.
Aiming: Fastroot
Press: ? - help, Shift-Dir - straight line, f/p - Snorg
Aim: Snorg (moderately wounded, berserk, umbra)
The roots erupt in riotous growth!
Roots grab Snorg.
The grasping roots constrict Snorg.
You hear a shout!
You block Snorg's attack. Snorg claws you but does no damage. Snorg claws you.
Unknown command.
The grasping roots constrict Snorg!
The roots release their grip on Snorg.
Snorg bites you!
* * * LOW HITPOINT WARNING * * *
Snorg claws you but does no damage. x2
You closely miss Snorg.
Snorg is heavily wounded.
Snorg completely misses you. You block Snorg's attack. Snorg claws you!
* * * LOW HITPOINT WARNING * * *
As you read the scroll of teleportation, it crumbles to dust.
You feel strangely unstable. You block Snorg's attack. Snorg claws you!
* * * LOW HITPOINT WARNING * * *
Snorg claws you but does no damage. Snorg bites you.
* * * LOW HITPOINT WARNING * * *
Snorg barely misses you. Snorg claws you!
You die...

..........#
#...........
..........#
#...........
..........#
#.....#####.
....?.....#
#...###..Q## ........#
#..###.#o... #......#
#..#..###...
#......####.##..# #...
#...........#...#.....
#...T@.....©#©...[_§#.
#...#..###..#..##..§
#.g.#..# ##.##.# #o###
#...#..# #..# ###....
#...#..# #..###..W...
#..g#..# #...###Qo.##
#...#..# #.....#####.
#...#..# #...........
#..# #...#.......


You could see Snorg (berserk) and a gnoll.

Vanquished Creatures
  A two-headed ogre (D:8)
  3 death yaks
  A black mamba (shapeshifter) (D:10)
  The ghost of epsilonplus the Shield-Bearer, a novice AtFi of Lugonu (D:5)
  A troll (D:8)
  A hornet (D:9)
  A vampire (D:8)
  2 wyverns
  6 yaks
  A steam dragon (D:8)
  A human (D:9)
  Menkaure (D:5)
  A water moccasin (D:9)
  2 black bears (D:6)
  6 orc warriors
  3 ogres
  3 centaurs
  A kobold brigand (D:9)
  3 bullfrogs
  3 scorpions
  5 wights (D:9)
  4 howler monkeys
  4 bombardier beetles
  A gnoll bouda (D:8)
  8 orc priests
  4 hounds
  A sleepcap (D:4)
  A hell rat (D:10)
  3 iguanas
  11 orc wizards
  7 gnolls
  12 adders
  A river rat (D:10)
  2 shadow imps
  3 white imps
  2 dart slugs (D:1)
  4 ribbon worms
  41 orcs
  7 endoplasms
  3 giant cockroaches
  10 goblins
  7 hobgoblins
  3 jackals (D:1)
  3 quokkas
  6 ball pythons
  7 bats
  2 frilled lizards (D:2)
  13 kobolds
  6 rats
223 creatures vanquished.

Notes
Turn   | Place    | Note
-------+----------+-------------------------------------------
     0 | D:1      | BeingJoeMalik the Naga Fighter began the quest for the Orb.
     0 | D:1      | Reached XP level 1. HP: 21/21 MP: 1/1
   125 | D:1      | Reached XP level 2. HP: 28/28 MP: 2/2
   152 | D:1      | Reached skill level 3 in Long Blades
   257 | D:1      | Reached XP level 3. HP: 31/34 MP: 3/3
   667 | D:2      | Reached skill level 4 in Long Blades
   716 | D:2      | Reached XP level 4. HP: 42/42 MP: 4/4
  1383 | D:3      | Noticed an ogre
  1404 | D:3      | Reached skill level 5 in Long Blades
  1507 | D:3      | Reached XP level 5. HP: 49/49 MP: 5/5
  1545 | D:3      | Killed an ogre
  1715 | D:3      | Found a glowing golden altar of the Shining One.
  1715 | D:3      | Found a white marble altar of Elyvilon.
  1719 | D:3      | Found a glowing silver altar of Zin.
  2077 | D:4      | Reached skill level 6 in Long Blades
  2247 | D:4      | Reached XP level 6. HP: 50/56 MP: 6/6
  2951 | D:5      | Entered Level 5 of the Dungeon
  2951 | D:5      | Found Tunk's Magic Scroll Emporium.
  2956 | D:5      | Noticed Menkaure
  2965 | D:5      | Killed Menkaure
  2966 | D:5      | Reached skill level 7 in Long Blades
  2966 | D:5      | Reached XP level 7. HP: 34/62 MP: 7/7
  3012 | D:5      | Found a staircase to the Ecumenical Temple.
  3022 | D:5      | Found Ovvyta's General Store.
  3024 | D:5      | Found a runed translucent door.
  3025 | D:5      | Noticed epsilonplus's ghost (novice AtFi)
  3025 | D:5      | Found Bofobo's Weapon Emporium.
  3056 | D:5      | Got Cahyecwu's Quarto of Flammable Shifting
  3059 | Temple   | Entered the Ecumenical Temple
  3087 | Temple   | Became a worshipper of Dithmenos the Shadowed
  3140 | D:5      | Reached skill level 8 in Long Blades
  3217 | D:5      | Found a bloodstained altar of Trog.
  3464 | D:5      | Found Asyep Gupp's General Store.
  3613 | D:5      | Found Fiytoti's Jewellery Emporium.
  3833 | D:5      | Bought a +1 long sword of freezing for 172 gold pieces
  3878 | D:5      | Bought a scroll of identify for 22 gold pieces
  3964 | D:6      | Reached skill level 9 in Long Blades
  4000 | D:6      | Reached XP level 8. HP: 58/69 MP: 8/8
  4664 | D:6      | Reached * piety under Dithmenos
  4681 | D:6      | Reached skill level 10 in Long Blades
  5318 | D:7      | Noticed a wyvern
  5327 | D:6      | Killed a wyvern
  5328 | D:6      | Reached skill level 1 in Stealth
  5328 | D:6      | Reached XP level 9. HP: 60/79 MP: 7/9
  5401 | D:6      | Reached skill level 11 in Long Blades
  5703 | D:7      | Found a hazy altar of Hepliaklqana.
  5716 | D:7      | Found an ancient bone altar of Kikubaaqudgha.
  5811 | D:7      | Found a snail-covered altar of Cheibriados.
  5927 | D:7      | Found a runed translucent gate.
  5927 | D:7      | Found a runed translucent gate.
  5928 | D:7      | Found a runed translucent gate.
  5929 | D:7      | Noticed nocore's ghost (novice TeFE)
  5929 | D:7      | Noticed DracoOmega's ghost (novice AtHs)
  6102 | D:7      | Found an iron altar of Okawaru.
  6258 | D:8      | Noticed a troll
  6262 | D:8      | Killed a troll
  6263 | D:8      | Reached skill level 5 in Fighting
  6435 | D:8      | Reached ** piety under Dithmenos
  6778 | D:8      | Found a radiant altar of Vehumet.
  6778 | D:8      | Found a burning altar of Makhleb.
  6786 | D:8      | Found a sparkling altar of Nemelex Xobeh.
  6788 | D:8      | Found a sacrificial altar of Ru.
  6791 | D:8      | Found a stormy altar of Qazlal.
  6822 | D:9      | Noticed a two-headed ogre
  6863 | D:9      | Reached skill level 12 in Long Blades
  7149 | D:9      | Noticed a hornet
  7160 | D:9      | Killed a hornet
  7161 | D:9      | Reached XP level 10. HP: 60/91 MP: 7/10
  7713 | D:9      | Reached skill level 13 in Long Blades
  7825 | D:9      | Found a staircase to the Orcish Mines.
  8062 | D:5      | Bought a ring of magical power for 200 gold pieces
  8329 | Orc:1    | Entered Level 1 of the Orcish Mines
  8329 | Orc:1    | Noticed an orc warlord
  8644 | D:8      | Killed a two-headed ogre
  8970 | D:10     | Entered Level 10 of the Dungeon
  8974 | D:10     | Noticed a tengu warrior
  8975 | D:10     | Noticed a two-headed ogre
  8976 | D:10     | Noticed Marethyu's ghost (journeyman MfSh)
  9083 | D:5      | Killed epsilonplus's ghost
  9244 | D:10     | Noticed a death yak
  9267 | D:9      | Killed a death yak
  9406 | D:10     | Noticed a death yak
  9433 | D:9      | Killed a death yak
  9434 | D:9      | Reached skill level 14 in Long Blades
  9434 | D:9      | Reached XP level 11. HP: 35/103 MP: 7/11
  9617 | D:10     | Noticed a death yak
 10226 | D:10     | Found Vuiwn's Mail-Order Catalogue.
 10280 | D:10     | Found a staircase to the Lair.
 10320 | D:10     | Noticed a moth of wrath
 10324 | D:10     | Found a transporter.
 10325 | D:10     | Found a bloodstained altar of Trog.
 10416 | D:10     | Killed a death yak
 10417 | D:10     | Reached skill level 5 in Shields
 10709 | D:10     | Found a transporter.
 10723 | D:10     | Noticed Snorg
 10736 | D:10     | Mangled by Snorg

Illustrated notes

Levels and vault maps discovered:
D:1:      elethiomel_arrival_quiet, layout_rooms
D:2:      layout_rooms, minmay_tree_intersection, nicolae_eternal_life
D:3:      layout_loops_ring, dreamdust_divine_triumvirate
D:4:      layout_basic, roderic_lattice_a
D:5:      layout_cave_pools, lemuel_crystal_altar,
          minmay_temple_entry_offerings, enter_ossuary_2,
          hellmonk_ghost_happy_afterlife, serial_shops,
          nicolae_shop_real_fake_doors, shop, shop, nicolae_shop_statue_plus,
          nicolae_shop_temple_entry_statues_fountains, uniq_menkaure
D:6:      layout_loops_ring, minmay_circle_x
D:7:      layout_cave_pools, mainiacjoe_overflow_alcove_1,
          nicolae_overflow_hidden_temple, mainiacjoe_overflow_big_doors,
          gammafunk_ghost_cemetery
D:8:      layout_rooms, chequers_temple_overflow_minitemple
D:9:      layout_basic, erik_orc_4, enter_bailey_5
D:10:     layout_long_grid, dpeg_lair_monsters,
          gammafunk_ghost_wrathful_warriors, small_chamber_with_monster,
          monkooky_shop_mail_order, uniq_snorg
Temple:   kb_temple_of_zot
Orc:1:    layout_caves, gammafunk_ghost_fury_of_okawaru,
          blackcustard_mines_bat_river

Skill      XL: |  1  2  3  4  5  6  7  8  9 10 11 |
---------------+----------------------------------+-----
Long Blades    | 3 4 5 6 7 9 10 12 14 | 14.3
Fighting       | 4 6 7 8 |  8.5
Stealth        | 1 2 3 |  3.2
Shields        | 4 5 |  5.2
Armour         | |  2.4

Action                     |  1- 3 |  4- 6 |  7- 9 | 10-12 || total
---------------------------+-------+-------+-------+-------++-------
  Melee: Long sword        |    78 |   127 |   293 |   275 ||   773
  Throw: Dart              |       |     5 |     7 |       ||    12
         Throwing net      |       |       |       |     1 ||     1
Ability: Spit Poison       |    18 |    28 |    70 |    54 ||   170
  Evoke: Wand              |       |       |       |     4 ||     4
    Use: Scroll            |       |     4 |     7 |     7 ||    18
         Potion            |       |     2 |     8 |       ||    10
 Armour: Scale mail        |    51 |    77 |   328 |   256 ||   712
  Dodge: Dodged            |    34 |    41 |   116 |    98 ||   289
  Block: Buckler           |    17 |    25 |    69 |    70 ||   181
